 Dungeon Sprint DCSS version 0.27.1-4-g1640c2035a (webtiles) character file.

Game seed: 12982190031559494676

2340 boopmooplesden the Impaler (level 9, -2/142 HPs)
             Began as a Minotaur Berserker on Nov 10, 2021.
             Was a High Priest of Trog.
             Slain by a troll (11 damage)
             ... in the Dungeon (Sprint IX: "|||||||||||||||||||||||||||||").
             The game lasted 00:01:30 (488 turns).

boopmooplesden the Impaler (Minotaur Berserker)      Turns: 488, Time: 00:01:30

Health: -2/142     AC: 14    Str: 23    XL:     9   Next: 19%
Magic:  8/8        EV: 14    Int:  4    God:    Trog [*****.]
Gold:   0          SH:  0    Dex: 12    Spells: 8/8 levels left

rFire    . . .     SeeInvis .   k - +2 halberd (venom)
rCold    . . .     Faith    .   (shield currently unavailable)
rNeg     . . .     Spirit   .   o - +2 ring mail
rPois    .         Reflect  .   (helmet restricted)
rElec    .         Harm     .   (no cloak)
rCorr    .         Rampage  .   l - +0 pair of gloves
Will     .....     NoTele   +   (no boots)
Stlth    ..........             (no amulet)
HPRegen  0.33/turn              m - +2 ring of protection
MPRegen  0.11/turn              n - +2 ring of protection

@: berserking (expiring), very quick
A: horns 2, retaliatory headbutt
a: Renounce Religion, Berserk, Trog's Hand, Brothers in Arms


You were in the Dungeon.
You worshipped Trog.
Trog was extremely pleased with you.
You visited 1 branch

Inventory:

Hand Weapons
 a - a +0 spear
 k - a +2 halberd of venom (weapon)
Armour
 b - a +0 animal skin
 l - a +0 pair of gloves (worn)
 o - a +2 ring mail (worn)
Jewellery
 m - a +2 ring of protection (left hand)
 n - a +2 ring of protection (right hand)
Wands
 j - a wand of acid (10)
Scrolls
 h - 2 scrolls of blinking
Potions
 c - 5 potions of curing
 d - a potion of invisibility
 e - a potion of haste
 f - 4 potions of magic
 g - a potion of berserk rage
 i - 2 potions of heal wounds


   Skills:
 + Level 14.2 Fighting
 + Level 16.0 Polearms
 + Level 7.7 Armour
 + Level 9.4 Dodging
 + Level 0.1 Stealth


You had 8 spell levels left.
You didn't know any spells.
Your spell library was empty.

Dungeon Overview and Level Annotations

Branches:
Dungeon (1/1)

Altars:
Cheibriados
Dithmenos
Elyvilon
Fedhas
Gozag
Hepliaklqana
Kikubaaqudgha
Makhleb
Nemelex Xobeh
Okawaru
Qazlal
Ru
Sif Muna
Trog
Uskayaw
Vehumet
Wu Jian
Xom
Yredelemnul
Zin
The Shining One
Beogh
Jiyva
Lugonu


Innate Abilities, Weirdness & Mutations

You have a pair of horns on your head.
You reflexively headbutt those who attack you in melee.


Message History

The centaur warrior is heavily wounded.
You barely miss the centaur warrior. You headbutt the centaur warrior!
The centaur warrior is severely wounded.
The centaur warrior hits you but does no damage.
The centaur warrior kicks you but does no damage.
You slice the centaur warrior!!
You kill the centaur warrior!
Trog accepts your kill.
Your Fighting skill increases to level 13!
Your Polearms skill increases to level 15!
Your Dodging skill increases to level 9!
You have reached level 9!
Your experience leads to an increase in your attributes!
Increase (S)trength, (I)ntelligence, or (D)exterity?
You feel agile. The manticore closely misses you. You furiously retaliate!
You headbutt the manticore. The manticore completely misses you.
The manticore misses you.
Things that are here:
a +0 shortbow; 10 arrows You barely miss the manticore.
The manticore is lightly wounded.
You closely miss the manticore.
The manticore is lightly wounded.
The manticore barely misses you. The manticore claws you.
* * * LOW HITPOINT WARNING * * *
The manticore misses you.
You impale the manticore!!
The manticore looks as sick as possible!
The manticore is heavily wounded.
You puncture the manticore!
The manticore looks as sick as possible!
You headbutt the manticore.
You kill the manticore!
Trog accepts your kill.
Your Fighting skill increases to level 14!
Your Polearms skill increases to level 16!
Unknown command.
The troll barely misses you. The troll claws you!
You die... ▓▓▓▓▓▓▓▓▓▓▓▓▓▓▓▓▓▓▓▓▓▓ ).[....'......')@T...+ ▓▓▓▓▓▓▓▓▓▓▓▓▓▓▓▓▓▓▓▓▓▓

You could see a troll.

Vanquished Creatures
  A centaur warrior (D)
  A slime creature (D)
  A manticore (D)
  A hornet (D)
  A troll (D)
  A wraith (D)
  A black bear (D)
  A phantom (D)
  A hound (D)
  An adder (D)
  A white imp (D)
  An adder zombie (D)
  A dart slug (D)
  2 ball pythons (D)
  A bat zombie (D)
  An endoplasm (D)
  A frilled lizard (D)
  A quokka zombie (D)
19 creatures vanquished.

Notes
Turn   | Place    | Note
-------+----------+-------------------------------------------
     0 | D        | boopmooplesden the Minotaur Berserker began the quest for
                  | the Orb.
     0 | D        | Reached XP level 1. HP: 19/19 MP: 0/0
     8 | D        | Reached skill level 4 in Polearms
    11 | D        | Reached ** piety under Trog
    81 | D        | Noticed a phantom
    81 | D        | Noticed a hound
    81 | D        | Noticed a black bear
    88 | D        | Killed a phantom
    89 | D        | Reached skill level 7 in Polearms
    89 | D        | Reached XP level 2. HP: 23/31 MP: 1/1
    89 | D        | Reached XP level 3. HP: 28/38 MP: 2/2
    89 | D        | Reached XP level 4. HP: 33/45 MP: 3/3
    96 | D        | Reached *** piety under Trog
   102 | D        | Reached skill level 8 in Polearms
   111 | D        | Killed a black bear
   112 | D        | Reached skill level 9 in Polearms
   112 | D        | Reached skill level 5 in Dodging
   112 | D        | Reached XP level 5. HP: 13/56 MP: 4/4
   117 | D        | Found a snail-covered altar of Cheibriados.
   117 | D        | Found a shadowy altar of Dithmenos.
   117 | D        | Found a white marble altar of Elyvilon.
   117 | D        | Found a blossoming altar of Fedhas.
   117 | D        | Found an opulent altar of Gozag.
   118 | D        | Found a hazy altar of Hepliaklqana.
   119 | D        | Found a viscous altar of Jiyva.
   120 | D        | Found an ancient bone altar of Kikubaaqudgha.
   121 | D        | Found a corrupted altar of Lugonu.
   122 | D        | Found a burning altar of Makhleb.
   123 | D        | Found a sparkling altar of Nemelex Xobeh.
   124 | D        | Found an iron altar of Okawaru.
   125 | D        | Found a stormy altar of Qazlal.
   126 | D        | Found a sacrificial altar of Ru.
   127 | D        | Found a shimmering blue altar of Sif Muna.
   128 | D        | Found a bloodstained altar of Trog.
   129 | D        | Found a hide-covered altar of Uskayaw.
   130 | D        | Found a radiant altar of Vehumet.
   131 | D        | Found an ornate altar of the Wu Jian Council.
   348 | D        | Found a shimmering altar of Xom.
   349 | D        | Found a basalt altar of Yredelemnul.
   350 | D        | Found a glowing silver altar of Zin.
   351 | D        | Found a glowing golden altar of the Shining One.
   402 | D        | Noticed a troll
   402 | D        | Noticed a wraith
   402 | D        | Noticed a hornet
   403 | D        | Reached **** piety under Trog
   407 | D        | Killed a troll
   408 | D        | Reached skill level 10 in Fighting
   408 | D        | Reached skill level 11 in Polearms
   408 | D        | Reached skill level 5 in Armour
   408 | D        | Reached XP level 6. HP: 67/67 MP: 5/5
   413 | D        | Killed a wraith
   414 | D        | Reached skill level 12 in Polearms
   414 | D        | Reached XP level 7. HP: 74/74 MP: 6/6
   416 | D        | Killed a hornet
   417 | D        | Reached skill level 13 in Polearms
   418 | D        | Reached ***** piety under Trog
   464 | D        | Noticed a slime creature
   464 | D        | Noticed a slime creature
   464 | D        | Noticed a slime creature
   464 | D        | Noticed a centaur warrior
   464 | D        | Noticed a manticore
   464 | D        | Noticed a troll
   476 | D        | Killed a very large slime creature
   477 | D        | Reached skill level 14 in Polearms
   477 | D        | Reached XP level 8. HP: 17/85 MP: 7/7
   482 | D        | Killed a centaur warrior
   483 | D        | Reached skill level 15 in Polearms
   483 | D        | Reached XP level 9. HP: 9/94 MP: 8/8
   487 | D        | Killed a manticore
   488 | D        | Reached skill level 16 in Polearms
   488 | D        | Slain by a troll

Illustrated notes

Levels and vault maps discovered:
D:        linesprint [early_d, line_temple, items_1, d_10, items_2, lair_1,
          lair_end, items_3, orc_1, orc_end, items_4, d_15, swamp_1, shoals_1,
          snake_1, spider_1, d_20, vaults_1, items_5, swamp_end, shoals_end,
          snake_end, spider_end, vaults_end, d_27, items_6, zot_1, zot_end,
          crypt_end, forest_end, elf_end, slime_end, tomb_end, abyss_end,
          pan_hell_end]

Skill      XL: |  1  2  3  4  5  6  7  8  9 |
---------------+----------------------------+-----
Fighting       | 6 8 10 11 12 13 14 | 14.2
Polearms       | 7 9 11 12 14 15 16 | 16.0
Armour         | 4 5 6 7 |  7.7
Dodging        | 3 5 6 8 9 |  9.4
Stealth        | |  0.1

Action                   |  1- 3 |  4- 6 |  7- 9 || total
-------------------------+-------+-------+-------++-------
Melee: Spear             |    16 |    21 |       ||    37
       Headbutt          |     4 |     6 |     5 ||    15
       Halberd           |       |     8 |    24 ||    32
Invok: Berserk           |       |     1 |     1 ||     2
  Use: Potion            |       |     1 |       ||     1
Armor: Animal skin       |     1 |     3 |       ||     4
       Ring mail         |       |       |     6 ||     6
Dodge: Dodged            |     5 |    16 |    11 ||    32
